 Dungeon Crawl Stone Soup version 0.29.1-13-g9f3cf754e1 (webtiles) character file.

Game seed: 7230100397238392728

409362 javelincjr the Worldbinder (level 21, -22/152 (157) HPs)
             Began as a Demonspawn Summoner on Feb 2, 2023.
             Was the Champion of Jiyva.
             Annihilated by a vault warden
             ... wielding a +0 great sword
              (29 damage)
             ... on level 5 of the Vaults on Feb 6, 2023.
             The game lasted 11:28:35 (40543 turns).

javelincjr the Worldbinder (Demonspawn Summoner)   Turns: 40543, Time: 11:28:37

HP:   -22/152 (157) AC: 16    Str: 11    XL:     21   Next: 74%
MP:   0/55          EV: 10    Int: 33    God:    Jiyva [******]
Gold: 2244          SH: 20    Dex: 19    Spells: 9/63 levels left

rFire   + + +      SeeInvis +   r - +5 sling "Feag" {flame, Int+8}
rCold   + . .      Faith    .   e - +0 tower shield {reflect}
rNeg    . . .      Spirit   +   f - +0 troll leather armour
rPois   .          Reflect  +   (helmet unavailable)
rElec   .          Harm     .   D - +1 cloak "Moastima" {Regen+ Str+3}
rCorr   +          Rampage  .   A - +2 pair of gloves
Will    +....      Clarity  +   (boots unavailable)
Stlth   ++........              c - amulet "Miofeemi" {Reflect +Inv SH+5}
HPRegen 6.55/turn               p - ring of magical power
MPRegen 1.18/turn               i - ring of wizardry

@: about to teleport, marked, forested, lightly drained
A: antennae 3, icy blue scales 3, powered by death 2, robust 1, magic shield,
magic regeneration, beak, hooves 3, agile 1, clarity, fire resistance 3, wild
magic 1, eyeballs 1, evolution 2, MP-powered wands, engulf
}: 4/15 runes: decaying, serpentine, slimy, abyssal
a: Renounce Religion, Evoke Invisibility, Oozemancy, Slimify


You were on level 5 of the Vaults.
You worshipped Jiyva.
Jiyva was exalted by your worship.
You visited 9 branches of the dungeon, and saw 42 of its levels.
You visited the Abyss 2 times.
You visited 1 bazaar.
You also visited: Ice Cave.

You collected 2778 gold pieces.
You spent 534 gold pieces at shops.

Inventory:

Hand Weapons
 h - the +5 spear of Departure {vamp, rPois Int+2 SInv}
   (You took it off a naga mage on level 4 of the Snake Pit)

   It occasionally heals its wielder for a portion of the damage dealt when it
   wounds a living foe.
   Int:       It affects your intelligence (+2).
   rPois:     It protects you from poison.
   SInv:      It lets you see invisible.
 j - a +4 long sword of protection
 k - the +6 glaive of the Endless Wars {vorpal, rPois rC+ Int+4 Stlth+}
   (You took it off a vault guard on level 13 of the Dungeon)

   It inflicts extra damage upon your enemies.
   Int:       It affects your intelligence (+4).
   rC:        It protects you from cold.
   rPois:     It protects you from poison.
   Stlth:     It makes you more stealthy.
 r - the +5 sling "Feag" (weapon) {flame, Int+8}
   (You found it on level 2 of the Dungeon)

   Any ammunition fired from it burns those it strikes, dealing additional fire
   damage.
   Int:       It affects your intelligence (+8).
 y - a +8 rapier of flaming
Armour
 e - a +0 tower shield of reflection (worn)
 f - a +0 troll leather armour (worn)
 A - a +2 pair of gloves (worn)
 C - the +4 ring mail of Grand Life {*Slow rPois rF+++ rC-}
   (You bought it in a shop in a bazaar)

   rF:        It renders you almost immune to fire.
   rC:        It makes you vulnerable to cold.
   rPois:     It protects you from poison.
   *Slow:     It may slow you when you take damage.
 D - the +1 cloak "Moastima" (worn) {Regen+ Str+3}
   (You found it on level 3 of the Elven Halls)

   Str:       It affects your strength (+3).
   Regen:     It increases your rate of health regeneration.
 H - a +2 robe of cold resistance
 I - a +3 scale mail of fire resistance
 J - a +3 chain mail of cold resistance
 L - a +2 pair of boots of flying
 P - a +2 hat
Jewellery
 c - the amulet "Miofeemi" (around neck) {Reflect +Inv SH+5}
   (You took it off a deep elf demonologist on level 3 of the Elven Halls)

   [amulet of reflection]

   It reflects blocked missile attacks.
   +Inv:      It lets you turn invisible.
   SH:        It affects your SH (+5).
 i - a ring of wizardry (right hand)
 m - a +6 ring of intelligence
 p - a ring of magical power (left hand)
 w - a ring of wizardry
 B - a ring of poison resistance
 O - the ring of Psychosis {rC- rN+ Int+8 Dex+3}
   (You found it on level 3 of the Elven Halls)

   [ring of positive energy]

   Int:       It affects your intelligence (+8).
   Dex:       It affects your dexterity (+3).
   rC:        It makes you vulnerable to cold.
   rN:        It protects you from negative energy.
 Q - a +6 ring of strength
 T - a ring of magical power
 Y - a ring of protection from cold
Wands
 x - a wand of iceblast (42)
 z - a wand of digging (6)
 K - a wand of flame (38)
 V - a wand of paralysis (13)
Scrolls
 g - 4 scrolls of magic mapping
 l - 10 scrolls of amnesia
 n - a scroll of silence
 o - 7 scrolls of poison
 q - 4 scrolls of teleportation
 v - 2 scrolls of brand weapon
 R - 5 scrolls of butterflies
 S - a scroll of summoning
Potions
 a - 6 potions of cancellation
 b - 2 potions of magic
 s - 4 potions of ambrosia
 t - 4 potions of might
 F - 4 potions of brilliance
 N - a potion of berserk rage
 U - 7 potions of haste
 W - 6 potions of curing
 X - 5 potions of invisibility
 Z - a potion of resistance
Miscellaneous
 u - a phial of floods
 E - a condenser vane
 G - a phantom mirror
 M - a lightning rod (4/4)


   Skills:
 + Level 6.8 Fighting
 + Level 0.9(1.0) Short Blades
 + Level 0.2(0.5) Long Blades
 + Level 11.2 Ranged Weapons
 * Level 13.9 Armour
 + Level 4.5 Dodging
 + Level 3.1 Stealth
 + Level 4.8 Shields
 + Level 21.8 Spellcasting
 + Level 1.2 Conjurations
 + Level 9.4 Hexes
 + Level 22.1 Summonings
 + Level 5.8 Translocations
 + Level 3.2 Air Magic
 + Level 2.7 Earth Magic


You had 9 spell levels left.
You knew the following spells:

 Your Spells              Type           Power      Damage    Failure   Level
a - Summon Small Mammal   Summ           100%       N/A       1%          1
b - Call Imp              Summ           100%       N/A       1%          2
c - Summon Guardian Gole  Hex/Summ       100%       N/A       1%          3
d - Call Canine Familiar  Summ           100%       N/A       1%          3
e - Summon Lightning Spi  Summ/Air       100%       N/A       1%          4
f - Searing Ray           Conj           100%       2d8       6%          2
g - Portal Projectile     Hex/Tloc       100%       N/A       1%          3
h - Summon Forest         Summ/Tloc      52%        N/A       1%          5
i - Summon Cactus Giant   Summ           62%        N/A       1%          6
j - Summon Mana Viper     Hex/Summ       100%       N/A       1%          5
k - Animate Armour        Summ/Erth      100%       N/A       1%          4
l - Monstrous Menagerie   Summ           62%        N/A       1%          7
m - Dragon's Call         Summ           62%        N/A       52%         9

Your spell library contained the following spells:

 Spells                   Type           Power      Damage    Failure   Level
 Apportation              Tloc           100%       N/A       1%          1
 Cause Fear               Hex            45%        N/A       1%          4
 Summon Ice Beast         Ice/Summ       96%        N/A       1%          4
 Gell's Gravitas          Tloc           77%        N/A       2%          3
 Shock                    Conj/Air       100%       1d9       3%          1
 Magic Dart               Conj           100%       1d8       4%          1
 Poisonous Vapours        Pois/Air       100%       N/A       5%          2
 Swiftness                Air            66%        N/A       5%          3
 Leda's Liquefaction      Hex/Erth       39%        N/A       5%          4
 Summon Horrible Things   Summ           62%        N/A       5%          8
 Passage of Golubria      Tloc           77%        N/A       6%          4
 Beastly Appendage        Tmut           92%        N/A       7%          1
 Necrotise                Necr           100%       1d9       7%          1
 Sting                    Tmut/Pois      100%       1d8       7%          1
 Fulminant Prism          Conj/Hex       37%        3d18      8%          4
 Stone Arrow              Conj/Erth      100%       3d13      9%          3
 Anguish                  Hex/Necr       36%        N/A       9%          4
 Wereblood                Tmut           46%        N/A       10%         2
 Silence                  Hex/Air        40%        N/A       12%         5
 Conjure Flame            Conj/Fire      51%        6-21      14%         3
 Airstrike                Air            33%        2d(5-21)  16%         4
 Ignite Poison            Fire/Tmut/Pois 46%        N/A       19%         3
 Ozocubu's Armour         Ice            46%        N/A       19%         3
 Spider Form              Tmut/Pois      46%        N/A       19%         3
 Metabolic Englaciation   Hex/Ice        36%        N/A       22%         5
 Corpse Rot               Necr/Pois/Air  54%        N/A       34%         4
 Sticky Flame             Conj/Fire      51%        2d7       38%         4
 Lee's Rapid Deconstruct  Erth           31%        3d17*     43%         5
 Dispel Undead            Necr           46%        3d18      47%         4
 Olgreb's Toxic Radiance  Pois           46%        N/A       47%         4
 Alistair's Intoxication  Tmut/Pois      30%        N/A       80%         5
 Conjure Ball Lightning   Conj/Air       30%        3x3d10    95%         6
 Statue Form              Tmut/Erth      37%        N/A       98%         6
 Death Channel            Necr           23%        N/A       99%         6
 Simulacrum               Ice/Necr       23%        N/A       99%         6
 Starburst                Conj/Fire      25%        6d8       99%         6
 Discord                  Hex            45%        N/A       99%         8
 Dragon Form              Tmut           23%        N/A       100%        7
 Borgnjor's Revivificati  Necr           23%        N/A       100%        8
 Disjunction              Tloc           38%        N/A       100%        8
 Lehudib's Crystal Spear  Conj/Erth      29%        10d8      100%        8
 Necromutation            Tmut/Necr      23%        N/A       100%        8
 Death's Door             Necr           23%        N/A       100%        9


Dungeon Overview and Level Annotations

Branches:
Dungeon (13/15)            Temple (1/1) D:6            Lair (5/5) D:8
  Swamp (4/4) Lair:2        Snake (4/4) Lair:3        Slime (5/5) Lair:5
    Orc (2/2) D:12            Elf (3/3) Orc:2        Vaults (4/5) D:13
  Crypt (0/3) Vaults:3      IceCv (visited)

Altars:
Ashenzari
Cheibriados
Dithmenos
Fedhas
Gozag
Hepliaklqana
Kikubaaqudgha
Makhleb
Nemelex Xobeh
Okawaru
Qazlal
Ru
Sif Muna
Trog
Uskayaw
Vehumet
Wu Jian
Xom
Yredelemnul
Jiyva

Shops:
D:7 [   D:10 =   Orc:2 [*?=   Elf:1 *   Elf:3 =   Snake:2 (   Snake:3 !
Snake:4 ::=   Vaults:1 *

Portals:
Hell: Lair:5
Trove: Elf:1 (give 8 potions of haste)

Annotations:
D:9 1 exclusion
Snake:3 2 transporters
Slime:5 Dissolution, Royal Jelly


Innate Abilities, Weirdness & Mutations

You have a pair of large antennae on your head. (SInv)
You are completely covered in icy blue scales. (AC +4, rC+)
You regenerate health from kills.
You are robust. (+10% HP)
When hurt, damage is shared between your health and your magic reserves.
You regenerate magic rapidly.
You have a beak for a mouth.
You have hooves in place of feet.
You are agile. (Dex +4, Str/Int -1)
You possess an exceptional clarity of mind.
Your flesh is almost immune to the effects of heat. (rF+++)
Your spells are a little harder to cast, but a little more powerful.
Your body has grown eyes which may confuse attackers. (Acc +3)
You have great hidden genetic potential.
You expend magic power (3 MP) to strengthen your wands.
Your melee attacks may engulf your foes in ooze.


Message History

You block the storm dragon's attack. The storm dragon barely misses you.
The storm dragon tramples you but does no damage.
The war gargoyle hits you with a +0 vorpal morningstar!!
* * * LOW HITPOINT WARNING * * *
x2 Your manticore bites the purple very ugly thing.
Your manticore claws the purple very ugly thing! x2
Your ironbound preserver hits the frost giant with a +1 mace of holy wrath!!
Your vault sentinel hits the vault guard with a +0 long sword!
Your deep troll bites the frost giant!!
The ironbound preserver dies!
Your deep troll claws the frost giant but does no damage.
Your deep troll claws the frost giant!
The two-headed ogre closely misses your deep elf annihilator.
The two-headed ogre hits your deep elf annihilator with a +0 giant spiked club!!
Your deep elf annihilator mumbles some strange words.
Your deep elf annihilator blinks!
Your vault warden hits the two-headed ogre with a +4 broad axe of freezing!!!
Your vault warden freezes the two-headed ogre!
The two-headed ogre dies!
Your vault warden hits the fire giant with a +4 broad axe of freezing.
Your vault warden freezes the fire giant.
Your vault warden hits the ettin with a +4 broad axe of freezing.
Your vault warden freezes the ettin.
Your vault warden hits the vault guard but does no damage.
Your vault warden hits the two-headed ogre with a +4 broad axe of freezing!!
Your vault warden freezes the two-headed ogre.
The two-headed ogre dies!
You feel much better. The purple very ugly thing punches you!
* * * LOW HITPOINT WARNING * * *
The war gargoyle launches metal splinters at you.
The spray of metal splinters hits you!!!
* * * LOW HITPOINT WARNING * * *
The spray of metal splinters hits your manticore!!!
You block the storm dragon's attack.
The storm dragon claws you but does no damage.
You block the storm dragon's attack.
The fire giant hits your vault warden with a +2 great sword of flaming!!
The fire giant burns your vault warden!
The vault warden hits you with a +0 great sword!!
You die...

#..#.♣.♣♣.♣ ..
....♣....♣...
...#.♣..♣...
...........
♣♣♣♣#pp......♣♣
.....W.p.♣.....
...T.WDpCp.....
......H@9p<....
...T.p)uCeO...♣
#♣#♣♣pTCpp)..#♣
♣.CT.p.CC...
...T♣....♣.O.
♣♣♣..♣....# ♣#
♣..#....#
♣..#....♣


You could see a storm dragon, a frost giant (distracted, ally target), a purple
very ugly thing (confused, ally target), a fire giant (ally target), a stone
giant, 2 vault wardens, 3 vault guards, 2 ettins, 2 two-headed ogres, a war
gargoyle (catching breath, ally target), 2 vault sentinels, a phantasmal
warrior, a freezing wraith, a friendly ironbound preserver (summoned), a
friendly vault warden (summoned), a friendly vault guard (summoned), a friendly
deep elf annihilator (summoned), 5 friendly deep trolls, a friendly vault
sentinel (summoned), a friendly manticore (summoned) and a friendly cactus giant
(summoned).

Vanquished Creatures
  A fire giant (Vaults:3)
  An orc warlord (Vaults:2)
  2 vault wardens
  A deep elf death mage (Elf:3)
  2 centaur warriors (Vaults:2)
  2 dancing weapons (Elf:2)
  An alligator (Swamp:1)
  An orc high priest (Orc:2)
  2 deep elf knights (Elf:2)
  A hell knight (Vaults:2)
  A naga sharpshooter (Snake:4)
  A nameless horror (Lair:2)
  A deep troll (Vaults:2)
  3 naga ritualists
  A wizard (Vaults:1)
  2 deep elf pyromancers
  An orc knight (Vaults:2)
  2 deep elf zephyrmancers
  An ugly thing (Vaults:2)
  A starcursed mass (Abyss:4)
  2 elephants
  An ice statue (IceCv)
  3 black mambas
  A rust devil (D:9)
  A yaktaur (Vaults:1)
  3 ice devils
  A troll (D:12)
  A tyrant leech (Swamp:1)
  2 hornets
  A raiju (Abyss:4)
  2 blink frogs (Lair:4)
  2 spriggans
  A wyvern (Lair:3)
  5 yaks
  2 vampire mosquitoes
  A steam dragon (Lair:2)
  2 basilisks
  2 wargs (D:9)
  A swamp worm (Swamp:1)
  5 nagas
  A hell hound (Lair:5)
  3 water moccasins
  4 orc warriors
  A wolf (Lair:2)
  2 lemures (D:6)
  3 bullfrogs
  A kobold brigand (D:9)
  An earth elemental (Elf:2)
  3 scorpions
  2 wights (D:7)
  An elephant simulacrum (IceCv)
  2 killer bees (D:11)
  An electric eel (Lair:3)
  5 orc priests
  Crazy Yiuf (D:3)
  2 orc wizards
  2 polar bear simulacra (IceCv)
  A spriggan simulacrum (IceCv)
  2 gnolls (D:4)
  A worm (D:2)
  A dart slug (D:1)
  19 orcs
  A bat (D:1)
  An endoplasm (D:1)
  2 giant cockroaches
  2 goblins
  5 hobgoblins
  A quokka (D:1)
  2 ball pythons
  5 kobolds
  2 rats
147 creatures vanquished.

Vanquished Creatures (collateral kills)
  Mennas (Vaults:3)
  The ghost of Vatovie the Slayer, a veteran MiFi of Makhleb (Vaults:3)
  Bai Suzhen (Snake:4)
  Vashnia (Snake:4)
  Nikola (Snake:1)
  Rupert (D:12)
  3 hellephants
  A lich (Abyss:4)
  2 tentacled monstrosities
  3 deep elf blademasters
  4 tentacled starspawn
  A titan (Vaults:4)
  Gastronok (Lair:1)
  A sphinx (Vaults:4)
  Agnes (Elf:2)
  2 tengu reavers (Vaults:4)
  2 deep elf master archers (Elf:3)
  Kirke (Snake:1)
  2 thorn hunters (Swamp:4)
  Roxanne (Swamp:3)
  A fire giant (Vaults:4)
  A nagaraja (Snake:4)
  A frost giant (Vaults:1)
  2 orc warlords (Orc:1)
  Aizul (Snake:2)
  17 vault wardens
  3 deep elf sorcerers
  A curse skull (Vaults:3)
  2 deep elf elementalists (Elf:3)
  14 ironbound preservers
  2 war gargoyles
  A stone giant (Vaults:4)
  14 very ugly things
  2 ghouls (Swamp:4)
  7 ironbound thunderhulks
  Azrael (Snake:2)
  A vampire knight (Vaults:3)
  2 entropy weavers (Vaults:4)
  7 deep elf demonologists
  2 eleionomae
  17 dire elephants
  4 deep elf annihilators (Elf:3)
  4 bunyips
  The ghost of Hehankyrann the Arsonist, a journeyman MeFE (Snake:1)
  9 deep elf death magi
  3 eidola (Vaults:3)
  2 deep elf high priests (Elf:3)
  Josephine (Orc:2)
  3 crystal guardians
  3 salamander tyrants
  8 yaktaur captains
  20 hydras
  Erolcha (D:12)
  27 vault guards
  Harold (Lair:1)
  2 boulder beetles
  2 peacekeepers
  5 ironbound frosthearts
  An ogre mage (D:9)
  A catoblepas (Lair:5)
  9 anacondas
  4 ghost crabs
  7 two-headed ogres
  9 centaur warriors
  4 death yaks (Lair:4)
  13 alligators
  29 dancing weapons
  11 naga warriors
  A tengu warrior (D:13)
  10 naga sharpshooters
  4 orc high priests (Orc:2)
  12 thrashing horrors
  A spriggan berserker (Swamp:4)
  12 deep elf knights
  6 shock serpents
  11 hell knights (Vaults:2)
  A shadow wraith (Vaults:3)
  A skeletal warrior (D:13)
  A wretched star (Abyss:3)
  Urug (D:12)
  6 salamander mystics
  4 goliath frogs
  2 sixfirhies
  5 naga ritualists
  10 swamp dragons
  2 spriggan druids
  5 deep elf archers
  31 deep trolls
  10 wizards
  A flayed ghost (Vaults:3)
  7 bog bodies
  6 orc knights
  2 necromancers
  2 phantasmal warriors
  4 lindwurms (Vaults:2)
  15 ironbound convokers
  16 deep elf zephyrmancers
  A manticore (D:13)
  18 deep elf pyromancers
  12 mana vipers
  5 will-o-the-wisps
  3 orc sorcerers
  27 ugly things
  A worldbinder (Abyss:3)
  A guardian serpent (shapeshifter) (Vaults:1)
  26 salamanders
  10 elephants
  A rust devil (D:9)
  A black mamba (shapeshifter) (Elf:1)
  An ice statue (IceCv)
  31 black mambas
  5 guardian serpents
  16 naga magi
  3 smoke demons
  8 vault sentinels
  A torpor snail (shapeshifter) (Elf:1)
  2 rime drakes
  4 cane toads
  8 unseen horrors (Abyss:4)
  3 kobold demonologists (D:9)
  8 komodo dragons
  28 yaktaurs
  The ghost of javelincjr the Magician, a novice DsFE (D:6)
  An anaconda simulacrum (IceCv)
  2 freezing wraiths
  A hellion (Abyss:3)
  An efreet (D:13)
  A hellwing (D:9)
  9 ice devils
  3 ancient zymes
  4 trolls
  2 red devils
  4 polar bears
  2 meliai (D:13)
  6 tyrant leeches
  14 hornets
  A wind drake (shapeshifter) (Abyss:4)
  4 blink frogs
  5 dream sheep (Lair:2)
  9 raiju (Abyss:4)
  2 water elementals (Elf:1)
  12 spriggans
  A culicivora (Vaults:4)
  3 air elementals
  45 yaks
  3 ynoxinuls
  6 wraiths
  2 vampires
  2 wyverns
  2 dire elephant simulacra (IceCv)
  3 hogs (Snake:1)
  A hog (shapeshifter) (Elf:2)
  8 humans (D:13)
  14 nameless horrors
  The ghost of iamoutofideas the Grasshopper, an amateur GnWr of Ashenzari (D:3)
  3 basilisks
  8 fire elementals
  2 redbacks (Vaults:4)
  11 vampire mosquitoes
  A chaos spawn (Abyss:2)
  3 neqoxecs
  8 wargs
  5 large abominations
  15 swamp worms
  38 nagas
  5 hell hounds
  An acid dragon (D:11)
  7 swamp drakes (Swamp:4)
  8 water moccasins
  2 sky beasts
  2 ice beasts (D:7)
  38 orc warriors
  4 black bears
  4 boggarts (Vaults:4)
  17 wolves
  6 ogres
  10 centaurs
  A lemure (D:6)
  2 phantoms
  3 elf zombies (Elf:1)
  5 kobold brigands
  6 bullfrogs
  5 gnoll sergeants (D:9)
  4 earth elementals
  2 small abominations (Abyss:2)
  A scorpion (D:6)
  A necrophage (D:4)
  3 two-headed ogre simulacra (IceCv)
  2 cane toad simulacra (IceCv)
  A wight (D:7)
  8 killer bees (D:11)
  5 howler monkeys
  An electric eel (Lair:1)
  7 starcursed masses (Abyss:4)
  A quasit (D:9)
  3 gnoll boudas (D:9)
  3 hounds
  29 orc priests
  An iron imp (Abyss:4)
  Terence (D:3)
  3 iguanas
  17 orc wizards
  4 hell rats (Lair:4)
  A spriggan simulacrum (IceCv)
  4 troll simulacra (IceCv)
  A wolf simulacrum (IceCv)
  A polar bear simulacrum (IceCv)
  A gnoll (D:4)
  6 adders
  2 naga simulacra (IceCv)
  A shadow imp (D:8)
  5 white imps
  An ufetubus (IceCv)
  A worm (D:3)
  2 dart slugs
  59 orcs
  2 ball pythons (D:1)
  3 endoplasms (D:1)
  4 goblins
  3 hobgoblins
  2 quokkas
  3 bats
  A frilled lizard (D:1)
  14 kobolds
  2 rats (D:1)
  20 briar patches (Swamp:4)
  4 starspawn tentacles
1362 creatures vanquished.

Vanquished Creatures (others)
  A deep elf elementalist (Elf:3)
  A reaper (IceCv)
  An ironbound thunderhulk (Vaults:1)
  An eidolon (Vaults:3)
  A crystal guardian (Abyss:4)
  A fire dragon (shapeshifter) (Abyss:4)
  5 great orbs of eyes
  2 great orbs of eyes (shapeshifter) (Abyss:4)
  2 hydras
  2 boulder beetles
  A vault guard (Vaults:4)
  2 centaur warriors (D:13)
  2 two-headed ogres (D:9)
  A tengu warrior (D:13)
  A deep elf knight (Elf:2)
  2 glowing orange brains (Vaults:2)
  A spatial maelstrom (Abyss:3)
  A spriggan druid (Swamp:2)
  3 wizards
  Pikel (D:6)
  A deep elf zephyrmancer (Elf:3)
  An ugly thing (Vaults:3)
  A guardian serpent (shapeshifter) (Abyss:4)
  A black mamba (Lair:5)
  2 vault sentinels
  An eye of devastation (shapeshifter) (Vaults:5)
  A guardian serpent (Snake:2)
  2 ice devils
  A troll (D:13)
  A wind drake (shapeshifter) (Vaults:2)
  3 bloated husks
  A meliai (D:13)
  17 slime creatures
  A dream sheep (Lair:2)
  4 starcursed masses (Abyss:4)
  A wraith (D:11)
  Eustachio (D:5)
  A hog (Snake:1)
  2 humans (D:13)
  A vampire mosquito (D:13)
  Edmund (D:6)
  A water moccasin (Lair:2)
  An orc warrior (Orc:2)
  A black bear (D:6)
  A swamp drake (Swamp:4)
  A wolf (Lair:3)
  3 centaurs
  A lemure (D:6)
  A bullfrog (Lair:3)
  A two-headed ogre simulacrum (IceCv)
  A wight (D:7)
  An electric eel (Lair:3)
  A howler monkey (D:9)
  290 jellies
  5 orc priests
  2 iguanas
  3 orc wizards
  A dart slug (D:4)
  An endoplasm (D:3)
  11 orcs
  A giant cockroach (D:3)
  3 goblins
  4 jackals (D:3)
  2 kobolds
  A rat (D:3)
  A butterfly (D:11)
  11 demonic plants (D:9)
  34 foxfires
  45 fungi
  3 lurking horrors
  121 plants
  34 snaplasher vines
  5 starspawn tentacles
669 creatures vanquished.

Grand Total: 2178 creatures vanquished

Notes
Turn   | Place    | Note
-------+----------+-------------------------------------------
     0 | D:1      | javelincjr the Demonspawn Summoner began the quest for the
                  | Orb.
     0 | D:1      | Reached XP level 1. HP: 13/13 MP: 3/3
   280 | D:1      | Gained mutation: You have a pair of small antennae on your
                  | head. [demonic ancestry]
   280 | D:1      | Reached XP level 2. HP: 19/19 MP: 3/5
   811 | D:1      | Learned a level 2 spell: Call Imp
  1190 | D:1      | Gained mutation: You regenerate magic rapidly. [demonic
                  | ancestry]
  1190 | D:1      | Reached XP level 3. HP: 21/24 MP: 2/6
  1260 | D:1      | Learned a level 3 spell: Summon Guardian Golem
  2124 | D:2      | Identified the +5 sling "Feag" {flame, Int+8}
  2470 | D:2      | Found a faded altar of an unknown god.
  2482 | D:2      | Prayed at the altar of an unknown god.
  2482 | D:2      | Became a worshipper of Jiyva Juigysye the Shapeless
  2482 | D:2      | Reached * piety under Jiyva
  2926 | D:3      | Reached skill level 1 in Fighting
  2926 | D:3      | Reached XP level 4. HP: 32/32 MP: 8/8
  3272 | D:3      | Found a shadowy altar of Dithmenos.
  3323 | D:3      | Found a runed translucent gate.
  3323 | D:3      | Found a runed translucent gate.
  3323 | D:3      | Found a runed translucent gate.
  3326 | D:3      | Noticed iamoutofideas's ghost (amateur GnWr)
  3335 | D:3      | Identified the +0 scale mail "Tutane" {Contam Int-2 Dex+6
                  | Slay+2}
  3391 | D:3      | Noticed Terence
  3410 | D:3      | Killed Terence
  3659 | D:3      | Found a runed translucent door.
  3660 | D:3      | Noticed Crazy Yiuf
  3803 | D:3      | Reached ** piety under Jiyva
  3930 | D:3      | Reached XP level 5. HP: 37/37 MP: 9/9
  3962 | D:3      | Killed iamoutofideas's ghost
  3963 | D:3      | Reached skill level 1 in Ranged Weapons
  3963 | D:3      | Reached skill level 5 in Summonings
  3963 | D:3      | Gained mutation: You regenerate a little health from kills.
                  | [demonic ancestry]
  3963 | D:3      | Reached XP level 6. HP: 33/43 MP: 11/11
  4129 | D:3      | Killed Crazy Yiuf
  4258 | D:4      | Noticed a water moccasin
  4272 | D:4      | HP: 1/43 [water moccasin (8)]
  4275 | D:4      | Gained mutation: You have hidden genetic potential. [potion
                  | of mutation]
  4275 | D:4      | Gained mutation: You have large cloven feet. [potion of
                  | mutation]
  4278 | D:4      | Killed a water moccasin
  4331 | D:4      | Learned a level 3 spell: Call Canine Familiar
  4401 | D:4      | Reached skill level 6 in Summonings
  4420 | D:4      | Gained mutation: When hurt, damage is shared between your
                  | health and your magic reserves. [demonic ancestry]
  4420 | D:4      | Reached XP level 7. HP: 48/48 MP: 13/13
  4573 | D:4      | Reached skill level 1 in Hexes
  4588 | D:4      | Gained mutation: You have an increased reservoir of magic.
                  | (+10% MP) [hidden potential]
  4854 | D:4      | Reached *** piety under Jiyva
  5052 | D:4      | Gained mutation: You are robust. (+10% HP) [Jiyva's grace]
  5052 | D:4      | Gained mutation: You are very robust. (+20% HP) [Jiyva's
                  | grace]
  5052 | D:4      | Gained mutation: You are extremely robust. (+30% HP)
                  | [Jiyva's grace]
  5052 | D:4      | Gained mutation: Armour fits poorly on your pseudopods.
                  | [Jiyva's grace]
  5158 | D:5      | Entered Level 5 of the Dungeon
  5181 | D:5      | Learned a level 4 spell: Summon Lightning Spire
  5199 | D:5      | Found an ornate altar of the Wu Jian Council.
  5223 | D:5      | Noticed a nameless horror
  5227 | D:5      | Killed a nameless horror
  5241 | D:5      | Reached skill level 5 in Spellcasting
  5291 | D:5      | Killed Eustachio
  5345 | D:5      | Reached XP level 8. HP: 72/72 MP: 17/17
  5514 | D:5      | Reached **** piety under Jiyva
  5644 | D:5      | Identified the +2 glaive of Uthuosix {freeze, Dex+4}
  5795 | D:6      | Reached skill level 7 in Summonings
  5808 | D:6      | Gained mutation: You have a somewhat thin skeletal
                  | structure. (Dex +2, Stealth+) [hidden potential]
  5808 | D:6      | Lost mutation: You have hidden genetic potential. [hidden
                  | potential expressed]
  5841 | D:6      | Found a staircase to the Ecumenical Temple.
  5870 | Temple   | Entered the Ecumenical Temple
  5975 | D:6      | Found a large runed translucent door.
  5976 | D:6      | Found a large runed translucent door.
  5986 | D:6      | Found a shimmering altar of Xom.
  5990 | D:6      | Found a basalt altar of Yredelemnul.
  6403 | D:6      | Noticed Edmund
  6416 | D:6      | Killed Edmund
  6445 | D:6      | Noticed Pikel
  6463 | D:6      | Killed Pikel
  6464 | D:6      | Reached skill level 8 in Summonings
  6464 | D:6      | Gained mutation: You are partially covered in icy blue
                  | scales. (AC +2) [demonic ancestry]
  6464 | D:6      | Reached XP level 9. HP: 79/79 MP: 22/22
  6930 | D:6      | Found a runed translucent gate.
  6930 | D:6      | Found a runed translucent gate.
  6930 | D:6      | Found a runed translucent gate.
  6931 | D:6      | Noticed javelincjr's ghost (novice DsFE)
  6983 | D:6      | Killed javelincjr's ghost
  7170 | D:7      | Reached skill level 1 in Shields
  7340 | D:7      | Learned a level 2 spell: Searing Ray
  7344 | D:7      | Learned a level 3 spell: Portal Projectile
  7554 | D:7      | Found Tanenaga's Dragon-Slaying Spoils.
  7747 | D:7      | Lost mutation: Armour fits poorly on your pseudopods.
                  | [Jiyva's grace]
  7747 | D:7      | Gained mutation: Your system is resistant to poisons.
                  | (rPois) [Jiyva's grace]
  7747 | D:7      | Gained mutation: Your flesh is heat resistant. (rF+)
                  | [Jiyva's grace]
  7747 | D:7      | Gained mutation: Your flesh is very heat resistant. (rF++)
                  | [Jiyva's grace]
  7747 | D:7      | Gained mutation: Your flesh is almost immune to the effects
                  | of heat. (rF+++) [Jiyva's grace]
  7923 | D:8      | Reached ***** piety under Jiyva
  8012 | D:8      | Found a blossoming altar of Fedhas.
  8243 | D:8      | Noticed an elephant
  8270 | D:8      | Killed an elephant
  8271 | D:8      | Reached skill level 9 in Summonings
  8271 | D:8      | Reached XP level 10. HP: 88/88 MP: 25/25
  8328 | D:8      | Reached skill level 5 in Ranged Weapons
  8393 | D:8      | Reached skill level 1 in Translocations
  8429 | D:8      | Found a staircase to the Lair.
  8548 | D:8      | Learned a level 5 spell: Summon Forest
  8577 | D:9      | Reached skill level 1 in Air Magic
  8582 | D:9      | Found a burning altar of Makhleb.
  8596 | D:9      | Noticed a rust devil
  8604 | D:9      | Killed a rust devil
  8764 | D:9      | Noticed a rust devil
  8787 | D:9      | Killed a rust devil
  8788 | D:9      | Reached skill level 10 in Summonings
  8947 | D:9      | Noticed a smoke demon
  8963 | D:9      | Killed a smoke demon
  8964 | D:9      | Reached skill level 10 in Spellcasting
  8964 | D:9      | Gained mutation: You are mostly covered in icy blue scales.
                  | (AC +3) [demonic ancestry]
  8964 | D:9      | Reached XP level 11. HP: 97/97 MP: 27/27
  9103 | D:9      | Found a radiant altar of Vehumet.
  9212 | D:9      | Lost mutation: You have a somewhat thin skeletal structure.
                  | (Dex +2, Stealth+) [Jiyva's grace]
  9212 | D:9      | Lost mutation: Your flesh is almost immune to the effects
                  | of heat. (rF+++) [Jiyva's grace]
  9212 | D:9      | Lost mutation: Your flesh is very heat resistant. (rF++)
                  | [Jiyva's grace]
  9212 | D:9      | Lost mutation: You have an increased reservoir of magic.
                  | (+10% MP) [Jiyva's grace]
  9212 | D:9      | Lost mutation: You are extremely robust. (+30% HP) [Jiyva's
                  | grace]
  9212 | D:9      | Gained mutation: Your natural rate of healing is unusually
                  | fast. [Jiyva's grace]
  9212 | D:9      | Gained mutation: You heal very quickly. [Jiyva's grace]
  9212 | D:9      | Gained mutation: You regenerate. [Jiyva's grace]
  9212 | D:9      | Gained mutation: Your muscles are strong. (Str +4, Int/Dex
                  | -1) [Jiyva's grace]
  9301 | D:9      | Noticed a two-headed ogre
  9319 | D:9      | Killed a two-headed ogre
  9359 | D:9      | Noticed a two-headed ogre
  9365 | D:9      | Killed a two-headed ogre
  9380 | D:9      | Noticed a two-headed ogre
  9389 | D:9      | Noticed a two-headed ogre
  9397 | D:9      | Killed a two-headed ogre
  9397 | D:9      | Killed a two-headed ogre
  9398 | D:9      | Reached skill level 11 in Summonings
  9453 | D:9      | Noticed an ogre mage
  9474 | D:9      | Noticed a two-headed ogre
  9475 | D:9      | Killed an ogre mage
  9479 | D:9      | Killed a two-headed ogre
  9789 | D:9      | Reached ****** piety under Jiyva
  9860 | D:9      | Reached skill level 1 in Conjurations
 10140 | D:10     | Entered Level 10 of the Dungeon
 10256 | D:10     | Found a broken altar of Ashenzari.
 10281 | D:10     | Found Roasouly's Jewellery Shoppe.
 10298 | D:10     | Gained mutation: You are completely covered in icy blue
                  | scales. (AC +4, rC+) [demonic ancestry]
 10298 | D:10     | Reached XP level 12. HP: 97/97 MP: 27/27
 10307 | D:10     | Found a stormy altar of Qazlal.
 10518 | D:10     | Found a sacrificial altar of Ru.
 10757 | D:11     | Noticed a seven-headed hydra
 10764 | D:11     | Killed a seven-headed hydra
 10799 | D:11     | Noticed an eight-headed hydra
 10807 | D:11     | Killed an eight-headed hydra
 10864 | D:11     | Learned a level 6 spell: Summon Cactus Giant
 10881 | D:11     | Noticed a two-headed ogre
 10892 | D:11     | Killed a two-headed ogre
 11681 | D:12     | Found a staircase to the Orcish Mines.
 11757 | D:12     | Noticed Erolcha
 11765 | D:12     | Noticed Urug
 11765 | D:12     | Killed Erolcha
 11766 | D:12     | Reached skill level 12 in Summonings
 11778 | D:12     | Killed Urug
 11781 | D:12     | Noticed Rupert
 11805 | D:12     | Killed Rupert
 12035 | D:12     | Found a frozen archway.
 12041 | IceCv    | Entered an ice cave
 12348 | IceCv    | Noticed a reaper
 12361 | IceCv    | Killed a reaper
 12598 | D:12     | Lost mutation: Your flesh is heat resistant. (rF+) [Jiyva's
                  | grace]
 12598 | D:12     | Lost mutation: Your system is resistant to poisons. (rPois)
                  | [Jiyva's grace]
 12598 | D:12     | Lost mutation: You regenerate. [Jiyva's grace]
 12598 | D:12     | Gained mutation: Your muscles are very strong. (Str +8,
                  | Int/Dex -2) [Jiyva's grace]
 12598 | D:12     | Gained mutation: You have a small jelly attached to you
                  | that may absorb projectiles. [Jiyva's grace]
 12598 | D:12     | Gained mutation: You have acidic saliva. [Jiyva's grace]
 12598 | D:12     | Gained mutation: You expend magic power (3 MP) to
                  | strengthen your wands. [Jiyva's grace]
 12705 | D:13     | Gained mutation: You have a pair of antennae on your head.
                  | [demonic ancestry]
 12705 | D:13     | Reached XP level 13. HP: 105/105 MP: 29/29
 12860 | D:13     | Reached skill level 13 in Summonings
 12900 | D:13     | Reached skill level 5 in Hexes
 13253 | D:13     | Identified the +6 glaive of the Endless Wars {vorpal, rPois
                  | rC+ Int+4 Stlth+}
 13309 | D:13     | Found a gate to the Vaults.
 13536 | Lair:1   | Entered Level 1 of the Lair of Beasts
 13543 | Lair:1   | Learned a level 5 spell: Summon Mana Viper
 13883 | Lair:1   | Noticed Harold
 13892 | Lair:1   | Killed Harold
 13949 | Lair:1   | Noticed Gastronok
 13959 | Lair:1   | Killed Gastronok
 14223 | Lair:1   | Identified the +5 falchion of Byiploph {vorpal, rF- Will+
                  | Dex+4}
 14534 | Lair:1   | Lost mutation: You heal very quickly. [Jiyva's grace]
 14534 | Lair:1   | Lost mutation: Your natural rate of healing is unusually
                  | fast. [Jiyva's grace]
 14534 | Lair:1   | Lost mutation: You are very robust. (+20% HP) [Jiyva's
                  | grace]
 14534 | Lair:1   | Lost mutation: Your muscles are very strong. (Str +8,
                  | Int/Dex -2) [Jiyva's grace]
 14534 | Lair:1   | Lost mutation: You have a small jelly attached to you that
                  | may absorb projectiles. [Jiyva's grace]
 14534 | Lair:1   | Gained mutation: Armour fits poorly on your pseudopods.
                  | [Jiyva's grace]
 14534 | Lair:1   | Gained mutation: Armour fits poorly on your large
                  | pseudopods. [Jiyva's grace]
 14534 | Lair:1   | Gained mutation: Armour fits poorly on your massive
                  | pseudopods. [Jiyva's grace]
 14534 | Lair:1   | Gained mutation: You have sharp fingernails. [Jiyva's
                  | grace]
 14794 | Lair:2   | Found a staircase to the Swamp.
 14840 | Lair:2   | Reached skill level 1 in Armour
 14968 | Lair:2   | Mutation became permanent: You are robust. (+10% HP)
                  | [demonic ancestry]
 14968 | Lair:2   | Gained mutation: You are robust. (+10% HP) [demonic
                  | ancestry]
 14968 | Lair:2   | Reached XP level 14. HP: 99/105 MP: 31/31
 15396 | Lair:3   | Found a staircase to the Snake Pit.
 15419 | Lair:3   | Reached skill level 14 in Summonings
 15467 | Lair:3   | Identified the +7 spear of Wealth {freeze, Dex+5}
 16427 | Lair:4   | Found a stormy altar of Qazlal.
 16573 | Lair:4   | Gained mutation: You have a small jelly attached to you
                  | that senses nearby items. [Jiyva's grace]
 16573 | Lair:4   | Gained mutation: You have an increased reservoir of magic.
                  | (+10% MP) [Jiyva's grace]
 16573 | Lair:4   | Gained mutation: You have a considerably increased
                  | reservoir of magic. (+20% MP) [Jiyva's grace]
 16573 | Lair:4   | Gained mutation: You have a greatly increased reservoir of
                  | magic. (+30% MP) [Jiyva's grace]
 16820 | Lair:4   | You are sucked into a shaft and drop 1 floor!
 16820 | Lair:5   | Entered Level 5 of the Lair of Beasts
 16866 | Lair:5   | Found a viscous altar of Jiyva.
 16870 | Lair:5   | Found a staircase to the Slime Pits.
 17618 | Lair:5   | Found a burning altar of Makhleb.
 17691 | Lair:5   | Found a gateway to Hell.
 17752 | Lair:5   | Reached skill level 15 in Summonings
 17872 | Slime:1  | Entered Level 1 of the Pits of Slime
 17875 | Slime:1  | Noticed a rockslime
 17892 | Slime:3  | Noticed an acid blob
 17895 | Slime:3  | Noticed an acid blob
 17909 | Slime:5  | Entered Level 5 of the Pits of Slime
 17909 | Slime:5  | Noticed an acid blob
 17909 | Slime:5  | Noticed a rockslime
 17919 | Slime:5  | Noticed an acid blob
 17928 | Slime:5  | Found a viscous altar of Jiyva.
 17928 | Slime:5  | Noticed an acid blob
 17928 | Slime:5  | Noticed an acid blob
 17928 | Slime:5  | Noticed an acid blob
 17929 | Slime:5  | Noticed an acid blob
 17929 | Slime:5  | Noticed an acid blob
 17932 | Slime:5  | Noticed an acid blob
 17933 | Slime:5  | Noticed an acid blob
 17935 | Slime:5  | Noticed the Royal Jelly
 17938 | Slime:5  | Identified the +1 pair of boots of Uskayaw's Envy {Harm
                  | Will- Str+3 Int+2}
 17941 | Slime:5  | Identified the +9 plate armour of the Butterfly {-Tele
                  | Rampage rC++ rCorr}
 17949 | Slime:5  | Identified the +10 dagger "Xelonuh" {vorpal, Dex+7}
 17950 | Slime:5  | Identified the +10 great sword "Kutet" {freeze, rPois}
 17953 | Slime:5  | Identified the +7 sling "Dusuq" {flame, rElec Str+4}
 17974 | Slime:5  | Got a slimy rune of Zot
 17999 | Slime:5  | Noticed an azure jelly
 18001 | Slime:5  | Noticed an acid blob
 18058 | Slime:5  | Noticed an acid blob
 18070 | Slime:5  | Noticed a quicksilver ooze
 18140 | Slime:5  | Noticed Dissolution
 18217 | Slime:5  | Noticed an acid blob
 18302 | Slime:4  | Noticed a rockslime
 18389 | Slime:4  | Noticed a quicksilver ooze
 18432 | Slime:4  | Noticed an acid blob
 18437 | Slime:4  | Noticed an acid blob
 18438 | Slime:3  | Noticed a rockslime
 18438 | Slime:3  | Noticed an acid blob
 18521 | Slime:2  | Noticed a rockslime
 18659 | Slime:1  | Noticed an acid blob
 18688 | Slime:1  | Noticed an azure jelly
 18792 | Slime:1  | Noticed a quicksilver ooze
 18806 | Slime:1  | Noticed an acid blob
 18967 | Swamp:1  | Entered Level 1 of the Swamp
 19057 | Swamp:1  | Reached XP level 15. HP: 109/112 MP: 43/44
 19216 | Swamp:1  | Lost mutation: You have sharp fingernails. [potion of
                  | mutation]
 19216 | Swamp:1  | Lost mutation: You have acidic saliva. [potion of mutation]
 19216 | Swamp:1  | Gained mutation: You have a beak for a mouth. [potion of
                  | mutation]
 19216 | Swamp:1  | Gained mutation: Your movements are slightly less
                  | encumbered by armour. (ER -2) [potion of mutation]
 19233 | Swamp:1  | Identified the +5 shortbow of Qeaw {vorpal, rF+ Dex+4}
 19446 | Swamp:1  | Reached skill level 15 in Spellcasting
 19682 | Swamp:2  | Reached skill level 5 in Fighting
 19918 | Swamp:2  | Lost mutation: You have large cloven feet. [Jiyva's grace]
 19918 | Swamp:2  | Lost mutation: Your movements are slightly less encumbered
                  | by armour. (ER -2) [Jiyva's grace]
 19918 | Swamp:2  | Gained mutation: You have acidic saliva. [Jiyva's grace]
 19918 | Swamp:2  | Gained mutation: You have a small jelly attached to you
                  | that may absorb projectiles. [Jiyva's grace]
 19918 | Swamp:2  | Gained mutation: Your flesh is cold resistant. (rC+)
                  | [Jiyva's grace]
 19918 | Swamp:2  | Gained mutation: Your flesh is very cold resistant. (rC++)
                  | [Jiyva's grace]
 19942 | Swamp:2  | Reached skill level 5 in Armour
 20420 | Swamp:3  | Got the Almanac of the Wayfarer and Embers
 20438 | Swamp:3  | Noticed Roxanne
 20472 | Swamp:3  | Killed Roxanne
 20784 | Swamp:4  | Entered Level 4 of the Swamp
 20948 | Swamp:4  | Reached skill level 16 in Summonings
 21316 | Swamp:4  | Noticed a tentacled monstrosity
 21324 | Swamp:4  | Killed a tentacled monstrosity
 21325 | Swamp:4  | Gained mutation: You regenerate health from kills. [demonic
                  | ancestry]
 21325 | Swamp:4  | Reached XP level 16. HP: 121/121 MP: 40/46
 21454 | Swamp:4  | Reached skill level 10 in Ranged Weapons
 21589 | Swamp:4  | Noticed a thorn hunter
 21606 | Swamp:4  | Killed a thorn hunter
 21805 | Swamp:4  | Noticed a thorn hunter
 21837 | Swamp:4  | Killed a thorn hunter
 21864 | Swamp:4  | Got a decaying rune of Zot
 22058 | Snake:1  | Entered Level 1 of the Snake Pit
 22147 | Snake:1  | Learned a level 4 spell: Animate Armour
 22331 | Snake:1  | Noticed Nikola
 22352 | Snake:1  | Killed Nikola
 22532 | Snake:1  | Noticed Kirke
 22540 | Snake:1  | Killed Kirke
 22640 | Snake:1  | Found a large runed translucent door.
 22641 | Snake:1  | Found a large runed translucent door.
 22645 | Snake:1  | Noticed Hehankyrann's ghost (journeyman MeFE)
 22664 | Snake:1  | Got the Guide on the Evil Union
 22690 | Snake:1  | Killed Hehankyrann's ghost
 22763 | Snake:1  | Learned a level 7 spell: Monstrous Menagerie
 22853 | Snake:1  | Lost mutation: Your flesh is very cold resistant. (rC++)
                  | [Jiyva's grace]
 22853 | Snake:1  | Lost mutation: Your flesh is cold resistant. (rC+) [Jiyva's
                  | grace]
 22853 | Snake:1  | Lost mutation: You have a greatly increased reservoir of
                  | magic. (+30% MP) [Jiyva's grace]
 22853 | Snake:1  | Lost mutation: Armour fits poorly on your massive
                  | pseudopods. [Jiyva's grace]
 22853 | Snake:1  | Lost mutation: Armour fits poorly on your large pseudopods.
                  | [Jiyva's grace]
 22853 | Snake:1  | Lost mutation: You expend magic power (3 MP) to strengthen
                  | your wands. [Jiyva's grace]
 22853 | Snake:1  | Gained mutation: You have a pair of large antennae on your
                  | head. (SInv) [Jiyva's grace]
 22853 | Snake:1  | Gained mutation: Your flesh is heat resistant. (rF+)
                  | [Jiyva's grace]
 22853 | Snake:1  | Gained mutation: Your flesh is very heat resistant. (rF++)
                  | [Jiyva's grace]
 22853 | Snake:1  | Gained mutation: Your flesh is almost immune to the effects
                  | of heat. (rF+++) [Jiyva's grace]
 23016 | Snake:1  | You are sucked into a shaft and drop 1 floor!
 23039 | Snake:2  | Reached skill level 17 in Summonings
 23349 | Snake:2  | Found Nixuem's Antique Weapon Emporium.
 23498 | Snake:2  | Noticed Aizul
 23510 | Snake:2  | Killed Aizul
 23631 | Snake:2  | Noticed Azrael
 23638 | Snake:2  | Killed Azrael
 23651 | Snake:2  | Reached skill level 1 in Earth Magic
 23777 | Snake:2  | Reached XP level 17. HP: 127/127 MP: 19/45
 24139 | Snake:3  | Found a transporter.
 24140 | Snake:3  | Found a transporter.
 24525 | Snake:3  | Found a burning altar of Makhleb.
 24539 | Snake:3  | Found Suher's Distillery.
 24545 | Snake:3  | Bought a potion of invisibility for 112 gold pieces
 24545 | Snake:3  | Bought a potion of curing for 42 gold pieces
 24545 | Snake:3  | Bought a potion of brilliance for 56 gold pieces
 24611 | Snake:3  | Found a transporter.
 24618 | Snake:3  | Found a transporter.
 24762 | Snake:3  | Found a transporter.
 24767 | Snake:3  | Found a transporter.
 25066 | Snake:4  | Entered Level 4 of the Snake Pit
 25767 | Snake:4  | Noticed Bai Suzhen
 25881 | Snake:4  | Gained mutation: Your spells are a little harder to cast,
                  | but a little more powerful. [Jiyva's grace]
 25881 | Snake:4  | Gained mutation: Your spells are harder to cast, but more
                  | powerful. [Jiyva's grace]
 25881 | Snake:4  | Gained mutation: Your spells are much harder to cast, but
                  | much more powerful. [Jiyva's grace]
 25881 | Snake:4  | Gained mutation: Your body has grown eyes which may confuse
                  | attackers. (Acc +3) [Jiyva's grace]
 26121 | Snake:4  | Killed Bai Suzhen
 26395 | Snake:4  | Found Arueps's Jewellery Boutique.
 26395 | Snake:4  | Found Teiduth's Book Emporium.
 26396 | Snake:4  | Found Voiffopp's Book Emporium.
 26744 | Snake:4  | Identified the +5 spear of Departure {vamp, rPois Int+2
                  | SInv}
 26748 | Snake:4  | Reached skill level 18 in Summonings
 26818 | Snake:4  | Got a serpentine rune of Zot
 26989 | Snake:4  | Noticed Vashnia
 27004 | Snake:4  | Killed Vashnia
 27417 | Orc:1    | Entered Level 1 of the Orcish Mines
 27789 | Orc:2    | Entered Level 2 of the Orcish Mines
 27866 | Orc:2    | Noticed Josephine
 27873 | Orc:2    | Killed Josephine
 27874 | Orc:2    | Reached skill level 5 in Translocations
 28060 | Orc:2    | Mutation became permanent: You have a pair of antennae on
                  | your head. [demonic ancestry]
 28060 | Orc:2    | Gained mutation: You have a pair of large antennae on your
                  | head. (SInv) [demonic ancestry]
 28060 | Orc:2    | Reached XP level 18. HP: 135/135 MP: 35/48
 28079 | Orc:2    | Reached skill level 10 in Armour
 28106 | Orc:2    | Found Seum Jai's Jewellery Emporium.
 28109 | Orc:2    | Found Jakhu's Assorted Antiques.
 28110 | Orc:2    | Found Waomips's Antique Armour Emporium.
 28111 | Orc:2    | Found Wotyativ's Magic Scroll Shoppe.
 28277 | Orc:2    | Bought a smoking robe for 171 gold pieces
 28277 | Orc:2    | Identified the +0 robe of Ramadaow {Str+4} (You bought it
                  | in a shop on level 2 of the Orcish Mines)
 28416 | Orc:2    | Found a staircase to the Elven Halls.
 28451 | Orc:2    | Lost mutation: You have a beak for a mouth. [Jiyva's grace]
 28451 | Orc:2    | Lost mutation: Your spells are much harder to cast, but
                  | much more powerful. [Jiyva's grace]
 28451 | Orc:2    | Lost mutation: Your spells are harder to cast, but more
                  | powerful. [Jiyva's grace]
 28451 | Orc:2    | Lost mutation: You have acidic saliva. [Jiyva's grace]
 28451 | Orc:2    | Lost mutation: Armour fits poorly on your pseudopods.
                  | [Jiyva's grace]
 28451 | Orc:2    | Lost mutation: You have a small jelly attached to you that
                  | senses nearby items. [Jiyva's grace]
 28451 | Orc:2    | Gained mutation: You are agile. (Dex +4, Str/Int -1)
                  | [Jiyva's grace]
 28451 | Orc:2    | Gained mutation: You are very agile. (Dex +8, Str/Int -2)
                  | [Jiyva's grace]
 28451 | Orc:2    | Gained mutation: You are resistant to electric shocks.
                  | (rElec) [Jiyva's grace]
 28451 | Orc:2    | Gained mutation: You have hidden genetic potential.
                  | [Jiyva's grace]
 28461 | Orc:2    | Found a shimmering altar of Xom.
 28610 | Elf:1    | Entered Level 1 of the Elven Halls
 29014 | Elf:1    | Found Ovaozoidano's Assorted Antiques.
 29072 | Elf:1    | Found a portal to a secret trove of treasure.
 29478 | Elf:1    | Got the Parchment of Gloom
 30991 | Elf:2    | Found a runed translucent gate.
 30992 | Elf:2    | Found a runed translucent gate.
 30992 | Elf:2    | Found a runed translucent gate.
 31025 | Elf:2    | Reached skill level 19 in Summonings
 31028 | Elf:2    | Noticed Agnes
 31034 | Elf:2    | Killed Agnes
 31572 | Elf:2    | Paralysed by an air elemental for 1 turns
 31748 | Elf:3    | Entered Level 3 of the Elven Halls
 31819 | Elf:3    | Lost mutation: Your flesh is almost immune to the effects
                  | of heat. (rF+++) [Jiyva's grace]
 31819 | Elf:3    | Lost mutation: Your muscles are strong. (Str +4, Int/Dex
                  | -1) [Jiyva's grace]
 31819 | Elf:3    | Lost mutation: Your spells are a little harder to cast, but
                  | a little more powerful. [Jiyva's grace]
 31819 | Elf:3    | Gained mutation: Your rubbery body absorbs attacks. (AC +1,
                  | EV +1) [Jiyva's grace]
 31819 | Elf:3    | Gained mutation: Your pliable body absorbs attacks. (AC +2,
                  | EV +2) [Jiyva's grace]
 31819 | Elf:3    | Gained mutation: Your gelatinous body deflects attacks. (AC
                  | +3, EV +3) [Jiyva's grace]
 31819 | Elf:3    | Gained mutation: You passively dampen the noise of your
                  | surroundings. [Jiyva's grace]
 32119 | Elf:3    | Found Epaoklay's One-of-a-Kind Rings.
 32341 | Elf:3    | Found the +13 scythe of Curses {drain, Drain}
 32363 | Elf:3    | Identified the ring of Ucekebob {Fire rCorr Str-4 Int+8
                  | Dex-4}
 32365 | Elf:3    | Noticed a Brimstone Fiend
 32371 | Elf:3    | Identified the +1 cloak "Moastima" {Regen+ Str+3}
 32374 | Elf:3    | Identified the +1 leather armour of Pantheism {rElec rC+}
 32387 | Elf:3    | Identified the +2 scale mail of Minor Irritation {rF+}
 32393 | Elf:3    | Identified the +8 scimitar of the Purse {vorpal, rPois rC+
                  | rN+ Str-4}
 32405 | Elf:3    | Identified the +10 short sword of Vimoh {vorpal, rN+}
 32406 | Elf:3    | Identified the ring of Psychosis {rC- rN+ Int+8 Dex+3}
 32433 | Elf:3    | Reached XP level 19. HP: 141/141 MP: 24/50
 32446 | Elf:3    | Identified the amulet "Miofeemi" {Reflect +Inv SH+5}
 32459 | Elf:3    | Gained mutation: Your flesh is almost immune to the effects
                  | of heat. (rF+++) [hidden potential]
 32466 | Elf:3    | Identified the +8 war axe of the Powerful God {elec, rElec
                  | Dex+3}
 32719 | Elf:3    | Identified the +0 scimitar "Ycvel" {flame, rN++ Str+3
                  | Stlth+}
 32747 | Elf:3    | Identified the +8 dagger "Orb Guardian's Death" {vorpal,
                  | rF+ Will+ Dex-3}
 33547 | Vaults:1 | Entered Level 1 of the Vaults
 33646 | Vaults:1 | Found Tolaruc's Assorted Antiques.
 34416 | Vaults:1 | Reached skill level 20 in Summonings
 34422 | Vaults:1 | Identified the +8 trident of Xiskarouf {vorpal, Str+4}
 34547 | Vaults:1 | Lost mutation: Your flesh is almost immune to the effects
                  | of heat. (rF+++) [Jiyva's grace]
 34547 | Vaults:1 | Lost mutation: Your flesh is very heat resistant. (rF++)
                  | [Jiyva's grace]
 34547 | Vaults:1 | Lost mutation: You have a considerably increased reservoir
                  | of magic. (+20% MP) [Jiyva's grace]
 34547 | Vaults:1 | Lost mutation: Your gelatinous body deflects attacks. (AC
                  | +3, EV +3) [Jiyva's grace]
 34547 | Vaults:1 | Gained mutation: You have a beak for a mouth. [Jiyva's
                  | grace]
 34547 | Vaults:1 | Gained mutation: You possess an exceptional clarity of
                  | mind. [Jiyva's grace]
 34547 | Vaults:1 | Gained mutation: You are very robust. (+20% HP) [Jiyva's
                  | grace]
 34547 | Vaults:1 | Gained mutation: You are extremely robust. (+30% HP)
                  | [Jiyva's grace]
 35136 | Abyss:2  | Cast into level 2 of the Abyss (a wizard)
 35420 | Abyss:3  | Found a corrupted altar of Lugonu.
 35567 | Abyss:4  | Noticed a hellephant
 35613 | Abyss:4  | Killed a hellephant
 35628 | Vaults:2 | Escaped the Abyss
 35894 | Vaults:2 | Reached XP level 20. HP: 175/175 MP: 23/48
 35978 | Vaults:2 | Gained mutation: Your spells are a little harder to cast,
                  | but a little more powerful. [hidden potential]
 35978 | Vaults:2 | Lost mutation: You have hidden genetic potential. [hidden
                  | potential expressed]
 36311 | Vaults:2 | Found a huge runed gate.
 36311 | Vaults:2 | Found a huge runed gate.
 36311 | Vaults:2 | Found a huge runed gate.
 36311 | Vaults:2 | Found a huge runed gate.
 36313 | Vaults:2 | Found a huge runed gate.
 36313 | Vaults:2 | Found a huge runed gate.
 36315 | Vaults:2 | Found a huge runed gate.
 36315 | Vaults:2 | Lost mutation: You are very agile. (Dex +8, Str/Int -2)
                  | [Jiyva's grace]
 36315 | Vaults:2 | Lost mutation: You are extremely robust. (+30% HP) [Jiyva's
                  | grace]
 36315 | Vaults:2 | Lost mutation: You are very robust. (+20% HP) [Jiyva's
                  | grace]
 36315 | Vaults:2 | Lost mutation: Your pliable body absorbs attacks. (AC +2,
                  | EV +2) [Jiyva's grace]
 36315 | Vaults:2 | Lost mutation: Your rubbery body absorbs attacks. (AC +1,
                  | EV +1) [Jiyva's grace]
 36315 | Vaults:2 | Lost mutation: You have a small jelly attached to you that
                  | may absorb projectiles. [Jiyva's grace]
 36315 | Vaults:2 | Lost mutation: You passively dampen the noise of your
                  | surroundings. [Jiyva's grace]
 36315 | Vaults:2 | Gained mutation: You have hidden genetic potential.
                  | [Jiyva's grace]
 36315 | Vaults:2 | Gained mutation: You have great hidden genetic potential.
                  | [Jiyva's grace]
 36315 | Vaults:2 | Gained mutation: You have large cloven feet. [Jiyva's
                  | grace]
 36315 | Vaults:2 | Gained mutation: You have hoof-like feet. [Jiyva's grace]
 36315 | Vaults:2 | Found a huge runed gate.
 36315 | Vaults:2 | Found a huge runed gate.
 36315 | Vaults:2 | Found a huge runed gate.
 36320 | Vaults:2 | Found a huge runed gate.
 36320 | Vaults:2 | Found a huge runed gate.
 36320 | Vaults:2 | Found a huge runed gate.
 36320 | Vaults:2 | Found a huge runed gate.
 36320 | Vaults:2 | Found a huge runed gate.
 36320 | Vaults:2 | Found a huge runed gate.
 36320 | Vaults:2 | Found a huge runed gate.
 36321 | Vaults:2 | Found a huge runed gate.
 36322 | Vaults:2 | Found a huge runed gate.
 36330 | Vaults:2 | Found a huge runed gate.
 36330 | Vaults:2 | Found a huge runed gate.
 36330 | Vaults:2 | Found a huge runed gate.
 36330 | Vaults:2 | Found a huge runed gate.
 36330 | Vaults:2 | Found a huge runed gate.
 36330 | Vaults:2 | Found a huge runed gate.
 36331 | Vaults:2 | Found a huge runed gate.
 36332 | Vaults:2 | Found a huge runed gate.
 36333 | Vaults:2 | Found a huge runed gate.
 36341 | Vaults:2 | Found a huge runed gate.
 36341 | Vaults:2 | Found a huge runed gate.
 36341 | Vaults:2 | Found a huge runed gate.
 36341 | Vaults:2 | Found a huge runed gate.
 36341 | Vaults:2 | Found a huge runed gate.
 36341 | Vaults:2 | Found a huge runed gate.
 36342 | Vaults:2 | Found a huge runed gate.
 36343 | Vaults:2 | Found a huge runed gate.
 37437 | Vaults:3 | Reached skill level 21 in Summonings
 37522 | Vaults:3 | Found a staircase to the Crypt.
 37637 | Vaults:3 | Noticed Mennas
 37658 | Vaults:3 | Killed Mennas
 37687 | Vaults:3 | Learned a level 9 spell: Dragon's Call
 37890 | Vaults:3 | Lost mutation: You have an increased reservoir of magic.
                  | (+10% MP) [Jiyva's grace]
 37890 | Vaults:3 | Lost mutation: You are resistant to electric shocks.
                  | (rElec) [Jiyva's grace]
 37890 | Vaults:3 | Gained mutation: You expend magic power (3 MP) to
                  | strengthen your wands. [Jiyva's grace]
 37890 | Vaults:3 | Gained mutation: Your flesh is very heat resistant. (rF++)
                  | [Jiyva's grace]
 37890 | Vaults:3 | Gained mutation: Your flesh is almost immune to the effects
                  | of heat. (rF+++) [Jiyva's grace]
 37890 | Vaults:3 | Gained mutation: Your melee attacks may engulf your foes in
                  | ooze. [Jiyva's grace]
 37900 | Vaults:3 | Found a runed translucent gate.
 37900 | Vaults:3 | Found a runed translucent gate.
 37900 | Vaults:3 | Found a runed translucent gate.
 38233 | Vaults:3 | Identified the +3 leather armour of Okawaru's Inspiration
                  | {Contam rC+++ Str-2 Stlth+}
 38327 | Vaults:3 | Noticed Vatovie's ghost (veteran MiFi)
 38442 | Vaults:3 | Killed Vatovie's ghost
 39018 | Vaults:4 | Reached XP level 21. HP: 156/156 MP: 29/46
 39373 | Vaults:4 | Found a flickering gateway to a bazaar.
 39381 | Bazaar   | Entered a bazaar
 39381 | Bazaar   | Found Xuustus's Weapon Emporium.
 39381 | Bazaar   | Found Quitz's Assorted Antiques.
 39381 | Bazaar   | Found Tixou's Assorted Antiques.
 39405 | Bazaar   | Bought an ichor-stained ring mail for 153 gold pieces
 39405 | Bazaar   | Identified the +4 ring mail of Grand Life {*Slow rPois
                  | rF+++ rC-} (You bought it in a shop in a bazaar)
 39607 | Abyss:4  | Cast into level 4 of the Abyss (a wizard)
 39640 | Abyss:4  | Gained mutation: You have hooves in place of feet. [hidden
                  | potential]
 39691 | Abyss:4  | Got an abyssal rune of Zot
 39713 | Vaults:4 | Escaped the Abyss
 40059 | Vaults:4 | Identified the +2 mace of Symmetry {venom, MP+9}
 40095 | Vaults:5 | Entered Level 5 of the Vaults
 40155 | Vaults:4 | Reached skill level 22 in Summonings
 40543 | Vaults:5 | HP: 7/152 [war gargoyle/spray of metal splinters (36)]
 40543 | Vaults:5 | Annihilated by a vault warden

Illustrated notes

Levels and vault maps discovered:
D:1:      minmay_arrival_jagged, layout_basic, minmay_indecisive_spiral
D:2:      layout_basic, ebering_ecumenical_altar_mist
D:3:      layout_loops_ring, nicolae_dithmenos_the_darkroom,
          biasface_ghost_orc_armoury, grunt_decor_resistance, uniq_terence,
          uniq_crazy_yiuf_cottage
D:4:      layout_cave_pods, minmay_ruptured
D:5:      layout_basic, nicolae_wu_jian_wuxing_cycle, general_overflow_altar,
          uniq_eustachio
D:6:      layout_loops_ring, jmf_multi_god_temple2, minmay_temple_entry_wispy,
          ebering_ghost_rock_garden, grunt_ministairs_11,
          minmay_misc_feat_nine_boxes, uniq_pikel, uniq_edmund
D:7:      layout_loops_cross, nicolae_shop_dragon_depot
D:8:      layout_loops_cross, mainiacjoe_overflow_concentric_impassable,
          kennysheep_mini_moat, david_lair_generic, dk_noncrumbling_4
D:9:      lemuel_castle_with_subvaults [lemuel_castle_interior_carwin_3],
          layout_stronghold, marbit_many_paths, overflow_temple_1_default,
          serial_demonic, serial_demonic_f, serial_demonic_b, serial_demonic_g,
          serial_demonic_f, serial_demonic_c, serial_demonic_e
D:10:     layout_big_octagon, nicolae_ashenzari_skybound,
          nicolae_ru_the_path_less_chosen, nicolae_qazlal_scattered_showers,
          minmay_shop_enchanted_jewellery
D:11:     layout_loops_cross, nicolae_elyvilon_peaceful_grove
D:12:     layout_loops_ring, david_orc_4, portal_ice_cave_entry_pillars_1,
          uniq_rupert, uniq_erolcha, uniq_urug
D:13:     layout_rooms, ximxim_vaults_locker_room, minmay_circle_x
Temple:   nicolae_temple_ecumenical_triangle
Lair:1:   layout_regular_city, amcnicky_mini_pool_medium, grunt_megastairs_5,
          uniq_harold, uniq_gastronok
Lair:2:   layout_concentric_octagons, minmay_swamp_entry_swarm,
          grunt_megastairs_2
Lair:3:   layout_cave_pods, guppyfry_snake_entry_garden, serial_bayou_lake_a
Lair:4:   layout_gridlike, basic_altar, lemuel_old_faithful
Lair:5:   evil_forest, layout_hall_layers, slime_entry_1,
          infiniplex_staircase_pool, grunt_megastairs_4
Swamp:1:  layout_basic_swamp, evilmike_swamp_ruin_house_5
Swamp:2:  layout_falls_marsh, hangedman_swamp_lotus
Swamp:3:  layout_basic_swamp, evilmike_swamp_ruin_rubble_1, uniq_roxanne
Swamp:4:  swamp_basic_johnstein, layout_basic_swamp
Snake:1:  layout_gridlike, ebering_ghost_disaster_area,
          nicolae_snake_gridmaze_tees, uniq_nikola, uniq_kirke
Snake:2:  layout_misc_corridors, serial_shops, nicolae_shop_statue_plus,
          grunt_ministairs_9, st_stairs_6, uniq_azrael, uniq_aizul
Snake:3:  layout_misc_corridors, basic_altar, serial_shops, shop,
          nicolae_snake_serpentine_hallways, serial_nicolae_subway,
          nicolae_sub_station_metal, nicolae_sub_station_stone,
          nicolae_sub_station_crystal
Snake:4:  johnstein_snake_rune_scales, layout_chambers, minmay_shop_grove,
          uniq_bai_suzhen, uniq_vashnia
Slime:1:  cheibrodos_slime_lost_civilization_3, layout_caves
Slime:2:  layout_caves
Slime:3:  layout_caves
Slime:4:  layout_caves
Slime:5:  uniq_dissolution
Orc:1:    layout_diamond_mine, basic_altar
Orc:2:    st_orc_pillars, layout_diamond_mine, basic_altar, uniq_josephine
Elf:1:    eino_elf_arrival_shootout, layout_loops_cross, enter_trove_6,
          minmay_elf_necromancy, library_closet, minmay_shop_star
Elf:2:    nicolae_elf_blades_crystal_corner, layout_geoelf_octagon,
          serial_aquarium, aquarium_bridge_square [aquarium_subvault_bridge,
          aquarium_subvault_bridge, aquarium_subvault_bridge,
          aquarium_subvault_window], aquarium_window_1, aquarium_window_fake,
          aquarium_view_2a, drop_trap, eino_tiny_chamber, st_stairs_8,
          uniq_agnes
Elf:3:    elf_hall, layout_loops_corners, nicolae_shop_unique_rings
Vaults:1: hangedman_vaults_river_flow, hangedman_vaults_restitches,
          nicolae_vaults_yaktaur_gun_rack, grunt_vaults_twisty,
          dpeg_vaults_monster_row, hangedman_vaults_cutoff,
          nicolae_vaults_asterisk, grunt_vaults_hallway_short,
          ontoclasm_vaults_pinch, ontoclasm_vaults_gallery,
          layout_vaults_omnicross, serial_shops, shop
Vaults:2: vaults_room_door_ring, vaults_room_pool,
          vaults_mumra_minichess_inversion, v_rooms_1, not_door_vault_due,
          v_misc_12, nicolae_vaults_network_square,
          nicolae_vaults_windows_and_doors_thing, vaults_room_stairs_pillars,
          v_misc_1, nicolae_vaults_little_squares_5, layout_vaults_omnibox
Vaults:3: gammafunk_ghost_spectres, minmay_crypt_entry_simple_round,
          hangedman_vaults_stretched_pinwheel, vaults_room_pool,
          nicolae_vaults_border_crossing, vaults_dpeg_cross, v_misc_14,
          nicolae_vaults_triangles, vaults_dpeg_spiral, grunt_vaults_funnel,
          nicolae_vaults_little_squares_4, grunt_vaults_hallway_long,
          vaults_room_corners, layout_vaults_chaotic_city, uniq_mennas
Vaults:4: vaults_mumra_hexcomb, ontoclasm_vaults_ring_square,
          ontoclasm_vaults_ring_square, hangedman_vaults_maws,
          nicolae_vaults_stairing_the_circle, nicolae_vaults_minivaults,
          nicolae_vaults_network_quinsquares
          [nicolae_vaults_network_quincunx_subvault,
          nicolae_vaults_network_quincunx_subvault,
          nicolae_vaults_network_quincunx_subvault,
          nicolae_vaults_network_quincunx_subvault], v_pattern_1,
          nicolae_vaults_asterisk, vaults_room_fours, grunt_vaults_hallway_long,
          ontoclasm_vaults_twist, layout_vaults_ring, serial_shops,
          bzr_entry_islet
Vaults:5

Skill      XL: |  1  2  3  4  5  6  7  8  9 10 11 12 13 14 15 16 17 18 19 20 21 |
---------------+----------------------------------------------------------------+-----
Stealth        | 2 3 |  3.1
Fighting       | 1 2 3 4 5 6 |  6.8
Spellcasting   | 3 4 5 7 8 10 11 12 13 14 16 17 18 19 20 21 | 21.8
Ranged Weapons | 1 2 3 4 5 6 7 8 9 10 11 | 11.2
Summonings     | 5 6 8 9 10 11 12 13 15 16 17 18 19 20 21 22 | 22.1
Dodging        | 2 3 4 |  4.5
Hexes          | 1 2 3 4 5 6 7 8 9 |  9.4
Shields        | 1 2 3 4 |  4.8
Translocations | 1 2 3 4 5 |  5.8
Air Magic      | 1 2 3 |  3.2
Conjurations   | 1 |  1.2
Armour         | 1 4 6 8 9 11 13 | 13.9
Earth Magic    | 1 2 |  2.7
Short Blades   | |  0.9
Long Blades    | |  0.2

Action                   |  1- 3 |  4- 6 |  7- 9 | 10-12 | 13-15 | 16-18 | 19-21 || total
-------------------------+-------+-------+-------+-------+-------+-------+-------++-------
Melee: Short sword       |    57 |       |       |       |       |       |       ||    57
       Rapier            |       |     1 |       |       |       |       |       ||     1
       Sling             |       |       |       |     1 |     3 |       |       ||     4
       Pseudopods        |       |       |       |       |     1 |       |       ||     1
       Long sword        |       |       |       |       |     2 |       |       ||     2
       Spear             |       |       |       |       |     1 |       |       ||     1
 Fire: Sling             |    12 |    32 |    97 |   197 |   324 |   275 |   287 ||  1224
 Cast: Summon Small Mamm |    34 |    32 |    37 |    21 |     7 |       |     1 ||   132
       Call Imp          |    11 |    20 |    33 |    44 |    55 |    12 |     1 ||   176
       Summon Guardian G |     2 |     8 |    30 |    37 |    17 |       |     2 ||    96
       Call Canine Famil |       |     2 |    30 |    51 |    82 |    38 |    11 ||   214
       Summon Lightning  |       |       |     4 |    22 |    12 |    10 |    40 ||    88
       Portal Projectile |       |       |     3 |    24 |    19 |    26 |    30 ||   102
       Summon Forest     |       |       |       |    16 |    30 |    42 |    30 ||   118
       Searing Ray       |       |       |       |     8 |     1 |       |     1 ||    10
       Summon Cactus Gia |       |       |       |    16 |   104 |   114 |    98 ||   332
       Summon Mana Viper |       |       |       |       |   105 |    97 |    66 ||   268
       Monstrous Menager |       |       |       |       |       |   231 |   241 ||   472
       Animate Armour    |       |       |       |       |       |    44 |    68 ||   112
       Dragon's Call     |       |       |       |       |       |       |     4 ||     4
Invok: Oozemancy         |       |       |     1 |     3 |       |       |       ||     4
Evoke: Phial of floods   |       |       |       |       |       |     1 |       ||     1
       Wand              |       |       |       |       |       |       |     1 ||     1
  Use: Potion            |     1 |     5 |       |       |     1 |       |     7 ||    14
       Scroll            |       |       |       |     5 |    10 |     8 |     9 ||    32
 Stab: Sleeping          |     3 |       |       |       |       |       |       ||     3
Armor: Robe              |    10 |     3 |    26 |    58 |    13 |    39 |       ||   149
       Skin              |     2 |       |       |       |       |       |       ||     2
       Scale mail        |       |       |       |       |    97 |    59 |     2 ||   158
       Troll leather arm |       |       |       |       |       |       |    80 ||    80
Dodge: Dodged            |    26 |     6 |    24 |    52 |    78 |    84 |   102 ||   372
Block: Kite shield       |    21 |     9 |    30 |    48 |    88 |   114 |    86 ||   396
       Reflection        |       |       |       |       |       |    12 |    23 ||    35
       Tower shield      |       |       |       |       |       |       |    79 ||    79
       Other             |       |       |       |       |       |       |    15 ||    15
